AoeStats
← Ginjama 🛀 (͡° ͜ʖ ͡°)

Black Forest

504593998Analyzed
1v1 RM · 26d ago on Sep 5, 2026· 40m 11s· 2 players
Game mode
Random Map
Map size
Tiny (2 player)
Population
200
Speed
Normal
Resources
Standard
Victory
Conquest
Starting age
Dark Age
Ending age
Imperial Age
RankedLock teamsTeams togetherTeam positionsShared explorationLock speedFull tech treeHidden civsTurbo modeCheats
Victory
Defeat
🇫🇷 Teutons · France
873
+15
859
-35
Ginjama 🛀 (͡° ͜ʖ ͡°)
10:25 Feudal Age
13:54 Horse Collar
16:25 Wheelbarrow
21:00 Castle Age
20:20 Double-Bit Axe
20:27 Gold Mining
23:38 Stone Mining
24:14 Crossbowman
31:37 Hand Cart
35:53 Pikeman
38:06 Chatras
39:14 Stone Shaft Mining
BLOOTLAND
11:38 Feudal Age
12:06 Double-Bit Axe
15:16 Horse Collar
18:59 Castle Age
16:44 Horse Collar
17:47 Gold Mining
19:30 Wheelbarrow
18:49 Stone Mining
21:21 Hand Cart
23:30 Heavy Plow
24:47 Stone Shaft Mining
27:59 Bow Saw
28:28 Bloodlines
28:37 Town Watch
28:38 Loom
32:39 Imperial Age
30:37 Scale Barding Armor
30:32 Scale Mail Armor
30:51 Forging
31:10 Town Patrol
32:39 Chain Barding Armor
32:58 Iron Casting
33:45 Conscription
32:50 Cavalier
35:29 Two-Man Saw
34:52 Paladin
37:35 Plate Barding Armor
38:12 Blast Furnace
39:27 Crop Rotation
Connection lost

Rejoining the realm…

Still unreachable

The connection could not be restored.

Session expired

The server has moved on; the page needs a fresh start.